 Dungeon Crawl Stone Soup version 0.30-a0-711-gf4ac18a38d (webtiles) character file.

Game seed: 7378372851207481540

2383 Darius099 the Trooper (level 9, 0/57 HPs)
             Began as a Gargoyle Fighter on Jan 22, 2023.
             Was a Believer of Okawaru.
             Slain by a wight
             ... wielding a +2 great sword
              (4 damage)
             ... on level 8 of the Dungeon on Jan 23, 2023.
             The game lasted 00:16:38 (7914 turns).

Darius099 the Trooper (Gargoyle Fighter)            Turns: 7914, Time: 00:16:39

Health: 0/57       AC: 24    Str: 20 (22) XL:     9   Next: 45%
Magic:  9/9        EV:  5    Int:  8 (9)  God:    Okawaru [**....]
Gold:   416        SH:  9    Dex:  9 (11) Spells: 8/8 levels left

rFire   . . .      SeeInvis .    a - +0 flail
rCold   + . .      Faith    .    n - +0 kite shield
rNeg    + . .      Spirit   .    v - +0 plate armour
rPois   ∞          Reflect  .    c - +0 helmet
rElec   +          Harm     .    (no cloak)
rCorr   .          Rampage  .    x - +2 pair of gloves
Will    .....                    (no boots) Stlth
                                 (no amulet)
HPRegen 0.29/turn                h - +4 ring of slaying
MPRegen 0.11/turn                r - ring of protection from cold

@: no status effects
A: sickness immunity, AC +6, negative energy resistance 1, electricity
resistance, torment resistance 1, petrification resistance
a: Renounce Religion, Heroism


You were on level 8 of the Dungeon.
You worshipped Okawaru.
Okawaru was pleased with you.
You visited 2 branches of the dungeon, and saw 9 of its levels.

You collected 416 gold pieces.

Inventory:

Hand Weapons
 a - a +0 flail (weapon)
Armour
 c - a +0 helmet (worn)
 n - a +0 kite shield (worn)
 v - a +0 plate armour (worn)
 x - a +2 pair of gloves (worn)
Jewellery
 h - a +4 ring of slaying (left hand)
 l - a ring of protection from cold
 r - a ring of protection from cold (right hand)
Scrolls
 k - 5 scrolls of amnesia
 m - 2 scrolls of identify
 o - a scroll of vulnerability {unknown}
 p - 3 scrolls of teleportation
 q - a scroll of enchant armour
Potions
 b - 3 potions of curing {unknown}
 d - 2 potions of might
 e - 4 potions of lignification {unknown}
 f - a potion of heal wounds {unknown}
 g - 2 potions of attraction {unknown}
 i - 2 potions of mutation {unknown}
 j - 2 potions of flight
 s - a potion of degeneration
 u - 4 potions of magic
 w - 2 potions of haste {unknown}


   Skills:
 + Level 7.0 Fighting
 + Level 5.9 Maces & Flails
 + Level 6.9 Armour
 + Level 4.0 Dodging
 + Level 7.0 Shields


You had 8 spell levels left.
You didn't know any spells.
Your spell library contained the following spells:

 Spells                   Type           Power      Damage    Failure   Level
 Sandblast                Erth           0%         2d4       100%        1
 Passwall                 Tmut/Erth      0%         N/A       100%        2
 Static Discharge         Conj/Air       0%         2-2/arc   100%        2
 Hailstorm                Conj/Ice       0%         3d3       100%        3
 Stone Arrow              Conj/Erth      0%         3d7       100%        3
 Vhi's Electric Charge    Tloc/Air       0%         N/A       100%        3
 Ice Form                 Ice/Tmut       0%         N/A       100%        4
 Arcjolt                  Conj/Air       0%         1d10      100%        5
 Lightning Bolt           Conj/Air       0%         1d11      100%        5
 Simulacrum               Ice/Necr       Unusable   N/A       N/A         6

Dungeon Overview and Level Annotations

Branches:
Dungeon (8/15)             Temple (1/1) D:5
   Lair: D:8-11

Altars:
Cheibriados
Dithmenos
Elyvilon
Fedhas
Gozag
Hepliaklqana
Makhleb
Nemelex Xobeh
Okawaru
Qazlal
Ru
Sif Muna
Uskayaw
Vehumet
Wu Jian
Xom
Yredelemnul
The Shining One

Shops:
D:6 !


Innate Abilities, Weirdness & Mutations

You are immune to sickness and miasma.
Your stone body is resilient. (AC +6)
You are immune to poison.
You resist negative energy. (rN+)
You are resistant to electric shocks. (rElec)
You are resistant to unholy torment.
You are immune to petrification.


Message History

Found a scroll of fear.
The wight moves out of view.
A wight comes into view. It is wielding a +2 great sword.
Found a sapphire potion.
The wight hits you but does no damage.
You closely miss the wight. You block the wight's attack.
You hit the wight.
The wight is lightly damaged.
You block the wight's attack. The wight hits you but does no damage.
You hit the wight.
The wight is heavily damaged.
You block the wight's attack. The wight barely misses you.
You hit the wight but do no damage.
The wight is heavily damaged.
The wight barely misses you. You block the wight's attack.
The wight hits you with a +3 great sword!
You sock the wight!
You destroy the wight!
Okawaru accepts your kill. You block the wight's attack.
The wight hits you with a +2 great sword!
The wight hits you but does no damage.
The wight hits you with a +2 great sword!
The wight attacks as you move away! You block the wight's attack.
The wight attacks as you move away! You block the wight's attack.
You barely miss the wight. You block the wight's attack.
You hit the wight.
The wight is moderately damaged.
The wight hits you from afar with a +0 spear.
The wight hits you with a +2 great sword!
* * * LOW HITPOINT WARNING * * *
You hit the wight but do no damage.
The wight is moderately damaged.
You block the wight's attack.
The wight hits you with a +2 great sword!
* * * LOW HITPOINT WARNING * * *
It was a potion of degeneration.
There was something very wrong with that liquid.
You feel weakened.
You feel dopey.
You feel clumsy. You block the wight's attack.
The wight hits you with a +2 great sword.
You die...

.................#...
..#....###......##..#####
..#.##.# #....####^...#.
................ ......
#.##.#.###########....#
..##.#.# #######.?..#
####.#.# #..!...)...#
####.#.#####.######.#.#
................@zz.!.#
####.#.#####.######.#.# #
#.#.#####.# ..#.# #
#.#_......# ### # #
#.#######.# ####.# #.#
.....#########
............ ####.#######


You could see 2 wights.

Vanquished Creatures
  An unseen horror (D:7)
  A steam dragon (D:7)
  Menkaure (D:4)
  2 water moccasins (D:7)
  An orc warrior (D:7)
  A centaur (D:7)
  A phantom (D:5)
  A gnoll sergeant (D:6)
  5 bullfrogs
  2 scorpions (D:6)
  A wight (D:8)
  A howler monkey (D:6)
  An electric eel (D:6)
  A jelly (D:4)
  An orc priest (D:7)
  7 hounds
  2 iguanas
  7 orc wizards
  9 adders
  10 gnolls
  A white imp (D:6)
  An ufetubus (D:7)
  2 worms (D:2)
  A dart slug (D:4)
  21 orcs
  9 ball pythons
  6 bats
  6 endoplasms
  5 giant cockroaches
  11 goblins
  8 hobgoblins
  7 jackals
  6 kobolds
  3 quokkas
  4 frilled lizards
  8 rats
155 creatures vanquished.

Vanquished Creatures (others)
  4 fungi (D:2)
  3 plants (D:2)
7 creatures vanquished.

Grand Total: 162 creatures vanquished

Notes
Turn   | Place    | Note
-------+----------+-------------------------------------------
     0 | D:1      | Darius099 the Gargoyle Fighter began the quest for the Orb.
     0 | D:1      | Reached XP level 1. HP: 14/14 MP: 1/1
   198 | D:1      | Reached XP level 2. HP: 19/19 MP: 2/2
   526 | D:1      | Reached XP level 3. HP: 2/24 MP: 3/3
  1229 | D:2      | Reached XP level 4. HP: 21/29 MP: 4/4
  1633 | D:2      | Found a faded altar of an unknown god.
  1801 | D:2      | Found a snail-covered altar of Cheibriados.
  2062 | D:3      | Found a glowing golden altar of the Shining One.
  2166 | D:3      | Reached XP level 5. HP: 24/33 MP: 5/5
  2489 | D:3      | Found a stormy altar of Qazlal.
  2948 | D:4      | Noticed Menkaure
  2969 | D:4      | Killed Menkaure
  2970 | D:4      | Reached skill level 1 in Dodging
  2970 | D:4      | Reached XP level 6. HP: 4/39 MP: 6/6
  3512 | D:5      | Entered Level 5 of the Dungeon
  3549 | D:5      | Reached XP level 7. HP: 37/44 MP: 7/7
  3582 | D:5      | You fall into a shaft and drop 1 floor!
  3598 | D:6      | Found Cout's Distillery.
  3790 | D:6      | Reached skill level 5 in Fighting
  3790 | D:6      | Reached skill level 5 in Armour
  3790 | D:6      | Reached skill level 5 in Shields
  4125 | D:6      | Found a burning altar of Makhleb.
  4305 | D:6      | Reached XP level 8. HP: 17/50 MP: 8/8
  4813 | D:5      | Found a shimmering altar of Xom.
  4904 | D:5      | Found a staircase to the Ecumenical Temple.
  4910 | Temple   | Entered the Ecumenical Temple
  4957 | Temple   | Became a worshipper of Warmaster Okawaru
  5253 | D:5      | Found a hide-covered altar of Uskayaw.
  5855 | D:7      | Reached skill level 5 in Maces & Flails
  6039 | D:7      | Reached * piety under Okawaru
  6339 | D:7      | Reached XP level 9. HP: 51/56 MP: 9/9
  6715 | D:7      | Found a snail-covered altar of Cheibriados.
  6907 | D:7      | Killed an unseen horror
  7119 | D:7      | Reached ** piety under Okawaru
  7884 | D:8      | Found a basalt altar of Yredelemnul.
  7914 | D:8      | Slain by a wight

Illustrated notes

Levels and vault maps discovered:
D:1:      minmay_arrival_diagonal_passages, layout_basic, minivault_24,
          chequers_serial_rivers_micro_b, nicolae_grassy_gnolls
D:2:      layout_loops_corners, shapermc_ecumenical_altar_mp_ritualfount,
          basic_altar
D:3:      layout_rooms, nicolae_tso_carved_into_rock, grunt_qazlal_clouds,
          minmay_starry_boxes
D:4:      layout_loops_ring, uniq_menkaure
D:5:      layout_basic, mainiacjoe_overflow_small_starburst, marbit_many_paths,
          temple_green, kennysheep_flooded_box, minmay_crystal_room,
          roderic_roman_lattice, chequers_serial_rivers_small_b
D:6:      layout_loops_ring, lemuel_crystal_altar, serial_shops,
          nicolae_shop_crystal, kennysheep_dice
D:7:      layout_layer_cave, cheibriados_altar_1, serial_glass, glass_columns_a,
          glass_columns_b, glass_columns_a, glass_columns_a, glass_columns_a,
          glass_columns_a, glass_columns_a, glass_columns_c,
          chequers_serial_rivers_micro_c, grunt_ministairs_12,
          minmay_misc_feat_square
D:8:      layout_basic, overflow_temple_1_default
Temple:   hellmonk_temple_of_storms

Skill      XL: |  1  2  3  4  5  6  7  8  9 |
---------------+----------------------------+-----
Shields        | 4 5 6 7 |  7.0
Fighting       | 4 5 6 7 |  7.0
Armour         | 4 5 6 |  6.9
Maces & Flails | 3 4 5 |  5.9
Dodging        | 1 2 3 4 |  4.0

Action                     |  1- 3 |  4- 6 |  7- 9 || total
---------------------------+-------+-------+-------++-------
  Melee: Flail             |   119 |   145 |   295 ||   559
    Use: Scroll            |       |     9 |       ||     9
         Potion            |       |       |     2 ||     2
 Armour: Scale mail        |    94 |    19 |       ||   113
         Chain mail        |       |    80 |   238 ||   318
         Plate armour      |       |       |    10 ||    10
  Dodge: Dodged            |    65 |    58 |    90 ||   213
  Block: Buckler           |    36 |    48 |    20 ||   104
         Kite shield       |       |       |   114 ||   114

Table legend: (Time is in decaauts)
 A = Elapsed time spent in this place.
 B = Non-inter-level travel time spent in this place.
 C = Inter-level travel time spent in this place.
 D = Time resting spent in this place.
 E = Time spent auto-exploring this place.
 F = Levels seen in this place.
 G = Mean time per level.
                   A        B        C        D        E       F      G
               +--------+--------+--------+--------+--------+-----+--------+
         Total |   8076 |   7742 |    334 |    887 |   5280 |   9 |  897.3 |
       Dungeon |   8019 |   7698 |    321 |    887 |   5256 |   8 | 1002.4 |
        Temple |     56 |     43 |     13 |      0 |     24 |   1 |   56.0 |
               +--------+--------+--------+--------+--------+-----+--------+

Top non-repeatable levels by time:
     D:7: 2303 daAuts
     D:6: 1253 daAuts
     D:1: 1107 daAuts
     D:2: 953 daAuts
     D:4: 878 daAuts
     D:5: 707 daAuts
     D:3: 650 daAuts
     D:8: 165 daAuts
  Temple: 56 daAuts
